 Dungeon Crawl Stone Soup version 0.21-a0-265-gb353147 (webtiles) character file.

210 tidbits the Insei (level 5, -4/39 HPs)
             Began as a Demigod Transmuter on Sept 10, 2017.
             Slain by a centaur (6 damage)
             ... on level 5 of the Dungeon.
             The game lasted 00:19:39 (1701 turns).

tidbits the Insei (Demigod Transmuter)              Turns: 1701, Time: 00:19:39

Health: -4/39      AC:  2    Str: 13    XL:     5   Next: 31%
Magic:  2/10       EV: 19    Int: 19    God:
Gold:   177        SH:  0    Dex: 21    Spells: 2/8 levels left

rFire    . . .     SeeInvis .     - Unarmed
rCold    . . .     Gourm    .   (shield currently unavailable)
rNeg     . . .     Faith    .   (armour currently unavailable)
rPois    x         Spirit   .   (helmet currently unavailable)
rElec    .         Reflect  .   (cloak currently unavailable)
rCorr    .         Harm     .   (gloves currently unavailable)
MR       .....                  (boots currently unavailable)
Stlth    ++........             (no amulet)
HPRegen  0.13/turn              (no ring)
MPRegen  0.12/turn              (no ring)

@: spider-form (expiring), very slightly contaminated
A: high mp 1
a: End Transformation


You were on level 5 of the Dungeon.
You were hungry.
You were a venomous arachnid creature.
You visited 1 branch of the dungeon, and saw 6 of its levels.

You collected 177 gold pieces.

Inventory:

Hand Weapons
 e - a +0 hunting sling
Missiles
 a - 2 arrows
Armour
 h - a cursed +0 large shield
 B - a +0 robe (melded)
 C - a scarf of repulsion (melded)
   (You found it on level 1 of the Dungeon)
 E - a +0 helmet (melded)
Scrolls
 f - a scroll of teleportation
 g - a scroll of identify
 i - a scroll of magic mapping {unknown}
 j - a scroll of noise {unknown}
 l - a scroll of fear {unknown}
 m - a scroll of random uselessness {unknown}
 o - 3 scrolls of amnesia {unknown}
 p - a scroll of fog {unknown}
Potions
 n - a potion of brilliance
Books
 c - a book of Changes

   Spells                             Type                      Level
   a - Beastly Appendage              Transmutation                1
   b - Sticks to Snakes               Transmutation                2
   c - Spider Form                    Transmutation/Poison         3
   d - Ice Form                       Ice/Transmutation            4
   e - Blade Hands                    Transmutation                5
Comestibles
 b - 3 chunks of flesh
 d - 5 bread rations
 k - 2 meat rations


   Skills:
 - Level 0.8 Fighting
 - Level 1.7 Dodging
 * Level 4.7 Unarmed Combat
 - Level 2.0 Spellcasting
 + Level 3.4 Transmutations


You had 2 spell levels left.
You knew the following spells:

 Your Spells              Type           Power        Failure   Level  Hunger
e - Beastly Appendage     Tmut           ##....       13%         1    #......
k - Sticks to Snakes      Tmut           ##......     17%         2    ###....
p - Spider Form           Tmut/Pois      #.........   47%         3    ###....


Dungeon Overview and Level Annotations

Branches:
Dungeon (6/15)             Temple (0/1) D:4


Innate Abilities, Weirdness & Mutations

You have an increased reservoir of magic. (+10% MP)


Message History

Your ball python dies!
The orc warrior shouts!
You hit the orc warrior but do no damage.
The orc warrior looks as sick as possible!
The orc warrior is severely wounded.
Your ball python bites the orc warrior but does no damage.
Your ball python constricts the orc warrior.
You hit the orc warrior.
The orc warrior is severely wounded.
Your ball python bites the orc warrior but does no damage.
Your ball python constricts the orc warrior.
The orc warrior hits your ball python with a long sword.
Your ball python bites the orc warrior but does no damage.
Your ball python constricts the orc warrior.
You hit the orc warrior but do no damage.
The orc warrior looks as sick as possible!
The orc warrior is almost dead.
The orc warrior misses you.
Your ball python bites the orc warrior but does no damage.
Your ball python constricts the orc warrior.
You hit the orc warrior but do no damage.
The orc warrior looks as sick as possible!
The orc warrior is almost dead.
Your ball python bites the orc warrior but does no damage.
Your ball python constricts the orc warrior.
The orc warrior barely misses you.
You hit the orc warrior but do no damage.
The orc warrior looks as sick as possible!
The orc warrior is almost dead.
Your transformation is almost over.
You kill the orc warrior!
You have reached level 5!
Things that are here:
a long sword; a plate armour
There is an open door here.
Your transformation has ended.
Your scarf of repulsion unmelds from your body.
Your +0 helmet unmelds from your body.
Your +0 robe unmelds from your body.
You are surrounded by a repulsion field.
You can't go up here!
Unknown command.
(D) Dungeon (T) Temple
Where to? (Enter - D:6 @ (x,y), ? - help)
Your ball python withers and dies!
Some of the chunks of flesh in your inventory have rotted away.
There is a stone staircase leading up here.
You climb upwards.
There is a stone staircase leading down here.
You open the door. 2 centaurs come into view.
There is an open door here.
The centaur shouts! x2
The centaur barely misses you. The centaur closely misses you.
The centaur barely misses you.
Casting: Spider Form
Confirm with . or Enter, or press ? or * to list all spells.
You miscast Spider Form.
You are very lightly contaminated with residual magic.
The air around you crackles with energy!
You are feeling hungry.
The centaur hits you.
* * * LOW HITPOINT WARNING * * *
The centaur closely misses you. The centaur hits you.
* * * LOW HITPOINT WARNING * * *
Casting: Spider Form
Confirm with . or Enter, or press ? or * to list all spells.
You turn into a venomous arachnid creature.
Your scarf of repulsion melds into your body.
Your +0 helmet melds into your body.
Your +0 robe melds into your body.
The haze of the repulsion field disappears.
Your transformation is almost over.
The centaur completely misses you. The centaur closely misses you.
The centaur misses you.
Casting: Spider Form
Confirm with . or Enter, or press ? or * to list all spells.
You create a snake!
You now have 2 arrows.
The centaur hits you.
* * * LOW HITPOINT WARNING * * *
The centaur closely misses you. The centaur barely misses you.
Okay, then.
You hit the centaur.
The centaur is lightly wounded.
The centaur misses you. The centaur completely misses you.
The centaur misses you.
You hit the centaur.
The centaur is poisoned.
The centaur is moderately wounded.
The centaur barely misses you. The centaur misses you.
You hit the centaur.
The centaur looks as sick as possible!
The centaur is heavily wounded.
The centaur completely misses you.
The centaur hits you but does no damage.
Your water moccasin barely misses the centaur.
The centaur misses you.
You hit the centaur.
The centaur looks as sick as possible!
The centaur is severely wounded.
The centaur hits you.
* * * LOW HITPOINT WARNING * * *
Your water moccasin bites the centaur but does no damage.
The centaur barely misses your water moccasin.
The centaur hits you.
You die...

## #.. #..
...
#####..##
#...
.........
........####
...........#
...........#
......cS...#
#..cs...#
######'##
#.# #.##
#..# ##.#
#.# #.##
#..#


You could see 2 centaurs and a friendly water moccasin.

Vanquished Creatures
  An orc warrior (D:6)
  A hound (D:6)
  3 adders
  3 worms
  A leopard gecko (D:4)
  3 orcs
  6 bats
  A giant cockroach (D:1)
  4 goblins
  3 hobgoblins
  4 jackals (D:1)
  5 kobolds
  2 quokkas (D:4)
  A ball python (D:1)
  4 frilled lizards
  7 rats
49 creatures vanquished.

Vanquished Creatures (collateral kills)
  2 worms
  A hobgoblin (D:2)
3 creatures vanquished.

Vanquished Creatures (others)
  An adder (D:6)
1 creature vanquished.

Grand Total: 53 creatures vanquished

Notes
Turn   | Place    | Note
-------+----------+-------------------------------------------
     0 | D:1      | tidbits the Demigod Transmuter began the quest for the Orb.
     0 | D:1      | Reached XP level 1. HP: 15/15 MP: 5/5
    28 | D:1      | Reached skill level 2 in Spellcasting
   133 | D:2      | Reached skill level 2 in Transmutations
   212 | D:1      | Reached XP level 2. HP: 12/22 MP: 5/7
   215 | D:1      | Reached skill level 3 in Unarmed Combat
   219 | D:1      | Learned a level 2 spell: Sticks to Snakes
   390 | D:1      | HP: 1/22 [jackal (2)]
   806 | D:1      | Reached XP level 3. HP: 14/27 MP: 4/8
   821 | D:1      | Learned a level 3 spell: Spider Form
  1312 | D:5      | Entered Level 5 of the Dungeon
  1312 | D:5      | Noticed a phantom
  1358 | D:4      | HP: 2/27 [leopard gecko (3)]
  1424 | D:4      | Found a staircase to the Ecumenical Temple.
  1433 | D:4      | Reached XP level 4. HP: 12/34 MP: 3/9
  1539 | D:6      | Reached skill level 4 in Unarmed Combat
  1539 | D:6      | Reached skill level 3 in Transmutations
  1604 | D:6      | Noticed an orc warrior
  1645 | D:6      | Killed an orc warrior
  1645 | D:6      | Reached XP level 5. HP: 9/39 MP: 3/10
  1692 | D:5      | Noticed a centaur
  1692 | D:5      | Noticed a centaur
  1697 | D:5      | HP: 3/39 [centaur (5)]
  1701 | D:5      | Slain by a centaur

Vault maps used:
D:1:      lightli_arrival_quake
D:4:      overflow_temple_1_default, temple_fountains,
          minmay_goblin_kobold_house
D:5:      kennysheep_steamy, first_bread, uniq_menkaure
D:6:      kennysheep_orc_sif_temple, fiery_altar_vehumet

Skill      XL: |  1  2  3  4 |
---------------+-------------+-----
Spellcasting   | 2 |  2.0
Transmutations | 2 3 |  3.4
Unarmed Combat | 3 4 |  4.7
Fighting       | |  0.8
Dodging        | |  1.7

Action                   |  1- 3 |  4- 6 || total
-------------------------+-------+-------++-------
Melee: Unarmed           |   135 |    32 ||   167
       Headbutt          |     7 |       ||     7
       Kick              |     8 |     4 ||    12
       Punch             |     1 |       ||     1
 Cast: Beastly Appendage |    22 |     1 ||    23
       Sticks to Snakes  |     7 |     3 ||    10
       Spider Form       |    12 |     4 ||    16
 Abil: End Transformatio |     1 |       ||     1
  Use: Potion            |     3 |       ||     3
       Scroll            |     1 |     1 ||     2
 Stab: Sleeping          |     2 |       ||     2
       Distracted        |     1 |       ||     1
  Eat: Chunk             |     5 |     1 ||     6
Armor: Robe              |    20 |     2 ||    22
       Skin              |     3 |     1 ||     4
Dodge: Dodged            |    71 |    32 ||   103

Table legend:
 A = Spawn XP
 B = Non-spawn XP
 C = Spawn XP percentage of total XP
 D = Spawn monster count
 E = Non-spawn monster count
 F = Spawn count percentage of total count
 G = Total turns spent on level
                    A         B        C        D         E        F      G
               +---------+---------+-------+---------+---------+-------+---------
         Total |       0 |     301 |   0.0 |       0 |      52 |   0.0 |  1701
               +---------+---------+-------+---------+---------+-------+---------
           D:1 |       0 |      36 |   0.0 |       0 |      22 |   0.0 |   709
           D:2 |       0 |      23 |   0.0 |       0 |       9 |   0.0 |   282
           D:3 |       0 |      16 |   0.0 |       0 |       9 |   0.0 |   155
           D:4 |       0 |      50 |   0.0 |       0 |       9 |   0.0 |   285
           D:5 |       0 |       5 |   0.0 |       0 |       1 |   0.0 |    96
           D:6 |       0 |     171 |   0.0 |       0 |       2 |   0.0 |   174
               +---------+---------+-------+---------+---------+-------+---------

Table legend:
 A = Turns spent in this place as a percentage of turns spent in the entire game.
 B = Non-inter-level travel turns spent in this place as a percentage of non-inter-level travel turns spent in the entire game.
 C = Inter-level travel turns spent in this place as a percentage of turns spent in this place.
 D = Turns resting spent in this place as a percentage of non-inter-level travel turns spent in this place.
 E = Turns spent auto-exploring this place as a percentage of non-inter-level travel turns spent in this place.
 F = Non-inter-level travel turns spent in this place divided by the number of levels of this place that you've seen.
                   A       B       C       D       E      F
               +-------+-------+-------+-------+-------+----------------------
         Total | 100.0 | 100.0 |   4.4 |   0.0 |   0.0 | 271.2
       Dungeon | 100.0 | 100.0 |   4.4 |   0.0 |   0.0 | 271.2
               +-------+-------+-------+-------+-------+----------------------

Table legend:
 A = Kills in this place as a percentage of kills in entire the game.
 B = Kills by you in this place as a percentage of kills by you in the entire game.
 C = Kills by friends in this place as a percentage of kills by friends in the entire game.
 D = Other kills in this place as a percentage of other kills in the entire game.
 E = Experience gained in this place as a percentage of experience gained in the entire game.
 F = Experience gained in this place divided by the number of levels of this place that you have seen.
                   A       B       C       D       E      F
               +-------+-------+-------+-------+-------+----------------------
         Total | 100.0 | 100.0 | 100.0 |   N/A | 100.0 |  50.2
       Dungeon | 100.0 | 100.0 | 100.0 |   N/A | 100.0 |  50.2
               +-------+-------+-------+-------+-------+----------------------

Vault maps used:
D:1:      lightli_arrival_quake
D:4:      overflow_temple_1_default, temple_fountains,
          minmay_goblin_kobold_house
D:5:      kennysheep_steamy, first_bread, uniq_menkaure
D:6:      kennysheep_orc_sif_temple, fiery_altar_vehumet
